 Dungeon Crawl Stone Soup version 0.31-a0-229-g1fc7ce93e2 (webtiles) character file.

Game seed: 16520096986508740677

325 qw the Shooter (level 6, -4/52 HPs)
             Began as a Minotaur Hexslinger on July 6, 2023.
             Slain by an orc warrior
             ... wielding a +0 long sword
              (6 damage)
             ... on level 5 of the Dungeon.
             The game lasted 00:01:10 (3412 turns).

qw the Shooter (Minotaur Hexslinger)                Turns: 3412, Time: 00:01:11

Health: -4/52      AC:  8    Str: 13    XL:     6   Next: 24%
Magic:  6/6        EV: 11    Int: 10    God:
Gold:   195        SH:  0    Dex: 14    Spells: 6/7 levels left

rFire   . . .        c - +2 orcbow (heavy)
rCold   + . .        (shield currently unavailable)
rNeg    . . .        b - +0 ring mail
rPois   .            (helmet restricted)
rElec   .            (no cloak)
rCorr   .            (no gloves)
SInv    .            m - +2 pair of boots
Will    .....        (no amulet)
Stlth   +            k - ring of protection from cold
HPRegen 0.28/turn    (no ring)
MPRegen 0.10/turn

%: no passive effects
@: about to teleport
A: horns 2, retaliatory headbutt
a: no special abilities


You were on level 5 of the Dungeon.
You visited 1 branch of the dungeon, and saw 5 of its levels.

You collected 235 gold pieces.
You spent 40 gold pieces at shops.


Innate Abilities, Weirdness & Mutations

You have a pair of horns on your head.
You reflexively headbutt those who attack you in melee.


   Skills:
 - Level 4.0 Fighting
 + Level 6.2 Ranged Weapons
 - Level 1.1 Armour
 - Level 2.1 Dodging
 - Level 1.0 Spellcasting
 - Level 2.0 Hexes


You had 6 spell levels left.
You knew the following spells:

 Your Spells              Type           Power      Damage    Failure   Level
a - Slow                  Hex            16%        N/A       32%         1

Your spell library contained the following spells:

 Spells                   Type           Power      Damage    Failure   Level
 Inner Flame              Hex/Fire       2%         N/A       82%         3
 Portal Projectile        Hex/Tloc       4%         N/A       82%         3
 Cause Fear               Hex            2%         N/A       97%         4

Inventory:

Hand Weapons
 c - a +2 heavy orcbow (weapon)
Armour
 b - a +0 ring mail (worn)
 m - a +2 pair of boots (worn)
Jewellery
 a - a ring of willpower
 k - a ring of protection from cold (left hand)
 l - a ring of ice
Scrolls
 f - 2 scrolls of identify
Potions
 d - a potion of cancellation
 e - 2 potions of curing
 g - a potion of haste
 h - a potion of enlightenment
 j - a potion of mutation

Dungeon Overview and Level Annotations

Branches:
Dungeon (5/15)
 Temple: D:4-7

Altars:
Makhleb
Sif Muna
Trog
Zin

Shops:
D:1 ?


Message History

Beogh smites you!
You hear a shout!
You start resting.
An orc priest is nearby!
You shoot an arrow. The arrow barely misses the orc priest.
You shoot an arrow. The arrow hits the orc priest!
You kill the orc priest!
Your Fighting skill increases to level 4!
You start resting.
You hear the slow hiss of a very distant avalanche of sand.
An orc warrior comes into view. It is wielding a +0 long sword.
You shoot an arrow. The orc warrior shouts!
The arrow hits the orc warrior.
The orc warrior is lightly wounded.
You hear a shout!
The orc warrior throws a stone.
The stone hits you!
You shoot an arrow. The arrow hits the orc warrior!
The orc warrior is heavily wounded.
You shoot an arrow.
The arrow hits the orc warrior but does no damage.
The orc warrior is heavily wounded.
The orc warrior hits you but does no damage.
The orc warrior hits you with a +0 long sword!
You shoot an arrow.
The arrow barely misses the orc warrior.
The orc warrior hits you with a +0 long sword.
The orc warrior barely misses you. You furiously retaliate!
You headbutt the orc warrior.
3410 ||| READING scroll of teleportation.
As you read the scroll of teleportation, it crumbles to dust.
You feel strangely unstable.
The orc warrior hits you with a +0 long sword!
You shoot an arrow.
The arrow barely misses the orc warrior.
The orc warrior hits you but does no damage. x2
You shoot an arrow. The arrow hits the orc warrior.
The orc warrior is severely wounded.
The orc warrior hits you with a +0 long sword.
You die...

## ##.## ###...##
###......######
#....<..##....#########
. #.........#...@o......
..#...........####.#####
..............## ..
....<..........# ..#
.....##.........# ##
.....##........##
......#........#
.....##....((..#
...#.##..##...##


You could see an orc warrior.

Vanquished Creatures
  An orc priest (D:5)
  A hound (D:4)
  An orc wizard (D:5)
  3 gnolls (D:4)
  9 adders
  2 river rats (D:3)
  3 worms
  3 dart slugs
  10 orcs
  4 ball pythons
  10 endoplasms
  2 giant cockroaches
  12 goblins
  5 hobgoblins
  2 jackals (D:1)
  6 kobolds
  A quokka (D:4)
  7 bats
  3 frilled lizards
  9 rats
94 creatures vanquished.

Notes
Turn   | Place    | Note
-------+----------+-------------------------------------------
     0 | D:1      | qw the Minotaur Hexslinger began the quest for the Orb.
     0 | D:1      | Reached XP level 1. HP: 16/16 MP: 1/1
     0 | D:1      | 0 ||| qw: Version: 0.3-a-46-gb1f654a
     0 | D:1      | 0 ||| qw: Game counter: 1285
     0 | D:1      | 0 ||| qw: Melee chars always use a shield: true
     0 | D:1      | 0 ||| qw: God list: Okawaru
     0 | D:1      | 0 ||| qw: Allow faded altars: false
     0 | D:1      | 0 ||| qw: Do Orc after clearing Dungeon:15 true
     0 | D:1      | 0 ||| qw: Do second Lair branch before Depths: true
     0 | D:1      | 0 ||| qw: Lair rune preference: random
     0 | D:1      | 0 ||| qw: Goals: Normal
     0 | D:1      | 0 ||| PLANNING D:1-11
    86 | D:1      | Reached skill level 3 in Ranged Weapons
    86 | D:1      | Reached XP level 2. HP: 23/23 MP: 2/2
   568 | D:1      | Found Tacimej's Magic Scroll Emporium.
   575 | D:1      | 575 ||| SHOPLISTING scroll of enchant weapon (75 gold, have
                  | 48).
   575 | D:1      | 575 ||| BUYING scroll of identify (20 gold).
   575 | D:1      | Bought a scroll of identify for 20 gold pieces
   575 | D:1      | 575 ||| BUYING scroll of identify (20 gold).
   575 | D:1      | Bought a scroll of identify for 20 gold pieces
   586 | D:1      | Reached XP level 3. HP: 29/29 MP: 3/3
   801 | D:1      | 801 ||| UPGRADING to +0 leather armour.
   811 | D:1      | 811 ||| DROPPING +0 robe.
   812 | D:1      | 812 ||| READING 2 scrolls labelled ATUXIGRU XUTI.
   813 | D:1      | 813 ||| READING scroll labelled FIMEUPSIRA.
   814 | D:1      | 814 ||| READING scroll labelled TUGOUT NOUMUX.
   814 | D:1      | Identified a scroll of acquirement
   814 | D:1      | 814 ||| ACQUIRING +2 heavy orcbow
   814 | D:1      | Acquired a +2 heavy orcbow
   816 | D:1      | 816 ||| SWAPPING to +2 heavy orcbow.
   817 | D:1      | 817 ||| DROPPING +1 sling.
   818 | D:1      | 818 ||| READING scroll labelled ZOUGAW CUU.
   823 | D:1      | 823 ||| READING scroll labelled TANOM SAOL.
   824 | D:1      | 824 ||| READING scroll labelled AMUNANOJERPH.
   825 | D:1      | 825 ||| DRINKING 2 blue potions.
   826 | D:1      | 826 ||| READING 3 scrolls of identify.
   826 | D:1      | 826 ||| IDENTIFYING fizzy golden potion
   827 | D:1      | 827 ||| READING 2 scrolls of identify.
   827 | D:1      | 827 ||| IDENTIFYING clear potion
   828 | D:1      | 828 ||| DROPPING scroll of poison.
   829 | D:1      | 829 ||| DROPPING potion of attraction.
   830 | D:1      | 830 ||| DROPPING potion of brilliance.
   952 | D:2      | Reached skill level 4 in Ranged Weapons
  1357 | D:2      | Found a bloodstained altar of Trog.
  1554 | D:2      | 1554 ||| UPGRADING to +0 ring mail.
  1564 | D:2      | 1564 ||| DROPPING +0 leather armour.
  1565 | D:2      | 1565 ||| READING 5 scrolls of identify.
  1565 | D:2      | 1565 ||| IDENTIFYING pink potion
  1566 | D:2      | 1566 ||| READING 4 scrolls of identify.
  1566 | D:2      | 1566 ||| IDENTIFYING purple potion
  1567 | D:2      | 1567 ||| READING 3 scrolls of identify.
  1567 | D:2      | 1567 ||| IDENTIFYING lumpy grey potion
  1568 | D:2      | 1568 ||| READING 2 scrolls of identify.
  1568 | D:2      | 1568 ||| IDENTIFYING bubbling purple potion
  1569 | D:2      | 1569 ||| DROPPING potion of lignification.
  1596 | D:3      | 1596 ||| PLANNING SEWER
  1700 | D:3      | Reached skill level 1 in Armour
  1819 | D:3      | Reached XP level 4. HP: 36/36 MP: 4/4
  2009 | D:3      | Reached skill level 5 in Ranged Weapons
  2061 | D:3      | Found a glowing silver altar of Zin.
  2324 | D:3      | 2324 ||| RIP SEWER
  2345 | D:3      | Found a shimmering blue altar of Sif Muna.
  2346 | D:3      | 2346 ||| PLANNING D:1-11
  2543 | D:3      | Reached skill level 3 in Fighting
  2543 | D:3      | Reached XP level 5. HP: 28/45 MP: 5/5
  2637 | D:3      | 2637 ||| UPGRADING to ring of protection from cold.
  2638 | D:3      | 2638 ||| READING scroll labelled ZUBERI NANUXT.
  2639 | D:3      | 2639 ||| READING scroll labelled BON MYOTATA.
  2952 | D:4      | Found a burning altar of Makhleb.
  3158 | D:4      | Reached skill level 6 in Ranged Weapons
  3335 | D:4      | 3335 ||| UPGRADING to +0 pair of boots.
  3340 | D:4      | 3340 ||| READING 2 scrolls of enchant armour.
  3340 | D:4      | 3340 ||| ENCHANTING +0 pair of boots.
  3341 | D:4      | 3341 ||| READING scroll of enchant armour.
  3341 | D:4      | 3341 ||| ENCHANTING +1 pair of boots.
  3342 | D:4      | 3342 ||| DROPPING ring of wizardry.
  3343 | D:4      | 3343 ||| READING 2 scrolls labelled RYUFEU QIEDD.
  3344 | D:4      | 3344 ||| READING 3 scrolls of identify.
  3344 | D:4      | 3344 ||| IDENTIFYING amethyst potion
  3345 | D:4      | 3345 ||| DROPPING scroll of blinking.
  3362 | D:5      | Entered Level 5 of the Dungeon
  3363 | D:5      | 3363 ||| PLANNING OSSUARY
  3383 | D:5      | Reached XP level 6. HP: 46/51 MP: 6/6
  3405 | D:5      | Noticed an orc warrior
  3409 | D:5      | HP: 13/52 [orc warrior/+0 long sword (6)]
  3410 | D:5      | 3410 ||| READING scroll of teleportation.
  3410 | D:5      | HP: 1/52 [orc warrior/+0 long sword (12)]
  3412 | D:5      | Slain by an orc warrior

Levels and vault maps discovered:
D:1:      lemuel_arrival_river_ford, layout_basic, serial_shops, shop,
          st_stairs_12, minmay_heptomino_h4
D:2:      layout_loops_cross, basic_altar, hangedman_decor_clover_reticule,
          nicolae_concentric_dashed_squares_mild,
          chequers_serial_rivers_micro_c, dk_noncrumbling_2
D:3:      layout_loops_ring, lemuel_blue_sif_altar,
          nicolae_overflow_crystal_walls, lightli_sewer_entry_pipes,
          minmay_pentomino_pile
D:4:      layout_gridville, kennysheep_little_box
D:5:      layout_cave_pools, chequers_ossuary_entry_cave,
          minmay_misc_feat_hallway, guppyfry_early_orc_mine

Skill      XL: |  1  2  3  4  5  6 |
---------------+-------------------+-----
Ranged Weapons | 3 4 5 6 |  6.2
Fighting       | 2 3 4 |  4.0
Armour         | 1 |  1.1
Dodging        | |  2.1
Spellcasting   | |  1.0
Hexes          | |  2.0

Action                     |  1- 3 |  4- 6 || total
---------------------------+-------+-------++-------
   Fire: Sling             |    50 |       ||    50
         Orcbow            |    37 |   113 ||   150
    Use: Scroll            |    12 |     7 ||    19
         Potion            |     1 |       ||     1
 Armour: Robe              |     1 |       ||     1
         Ring mail         |    11 |    25 ||    36
         Leather armour    |     1 |       ||     1
  Dodge: Dodged            |    17 |    54 ||    71

Table legend:
 A = Non-vault XP
 B = Vault XP
 C = Vault XP percentage of total XP
 D = Non-vault monster count
 E = Vault monster count
 F = Vault count percentage of total count
                 A         B        C        D         E       F
            +---------+---------+-------+---------+---------+-------
      Total |     263 |     202 |  43.4 |      69 |      25 |  26.6
            +---------+---------+-------+---------+---------+-------
        D:1 |      40 |       5 |  11.1 |      22 |       4 |  15.4
        D:2 |      35 |       0 |   0.0 |       9 |       0 |   0.0
        D:3 |      47 |     111 |  70.3 |      15 |      17 |  53.1
        D:4 |     141 |       0 |   0.0 |      23 |       0 |   0.0
        D:5 |       0 |      86 | 100.0 |       0 |       4 | 100.0
            +---------+---------+-------+---------+---------+-------
